3AA
FT. POLK SOUTH THUNDER HAWKS @ RICHLAND RAILS
09/14/2034
 
TOP OF THE 1ST
Ft. Polk South Thunder Hawks batting - Pitching for Richland Rails : LHP Markus Widner
Pitching: LHP Markus Widner
Batting: LHB Augusto Reyes 0-0: Called Strike
0-1: Foul Ball, location: 2F
0-2: Ball
1-2: Ground out U3 (Groundball, 3L)
Batting: LHB Yu Miao 0-0: Ground out U3 (Groundball, 34S)
Batting: RHB Melvin Aikey 0-0: Ball
1-0: Ball
2-0: Swinging Strike
2-1: Foul Ball, location: 2F
2-2: Ball
3-2: Foul Ball, location: 2F
3-2: Fly out, F4 (Popup, 4)
Top of the 1st over - 0 runs, 0 hits, 0 errors, 0 left on base; Ft. Polk South 0 - Richland 0
BOTTOM OF THE 1ST
Richland Rails batting - Pitching for Ft. Polk South Thunder Hawks : RHP Ricardo Peito
Pitching: RHP Ricardo Peito
Batting: RHB Hsui-chuan Hong 0-0: Fly out, F9 (Flyball, 9)
Batting: LHB Júlio Solís 0-0: Foul Ball, location: 2F
0-1: Swinging Strike
0-2: Ball
1-2: Strikes out swinging
Batting: RHB José Vargas 0-0: Swinging Strike
0-1: Ball
1-1: Ground out 6-3 (Groundball, 6)
Bottom of the 1st over - 0 runs, 0 hits, 0 errors, 0 left on base; Ft. Polk South 0 - Richland 0
TOP OF THE 2ND
Ft. Polk South Thunder Hawks batting - Pitching for Richland Rails : LHP Markus Widner
Batting: RHB Thomas Feliciano 0-0: Fly out, F8 (Line Drive, 8RXD)
Batting: LHB Marc Ben 0-0: Ball
1-0: Called Strike
1-1: Called Strike
1-2: Ground out 4-3 (Groundball, 4)
Batting: RHB Ruggiero Veneziano 0-0: Fly out, F5 (Line Drive, 56)
Top of the 2nd over - 0 runs, 0 hits, 0 errors, 0 left on base; Ft. Polk South 0 - Richland 0
BOTTOM OF THE 2ND
Richland Rails batting - Pitching for Ft. Polk South Thunder Hawks : RHP Ricardo Peito
Batting: LHB Alje de Gast 0-0: Ground out 4-3 (Groundball, 4)
Batting: RHB Tadamichi Yamamoto 0-0: Called Strike
0-1: Called Strike
0-2: Ball
1-2: DOUBLE (Flyball, 78XD)
Batting: RHB Frank Simon 0-0: Fly out, F9 (Flyball, 9)
Batting: RHB Tak-wai Jia 0-0: Called Strike
0-1: Foul Ball, location: 2F
0-2: Strikes out swinging
Bottom of the 2nd over - 0 runs, 1 hit, 0 errors, 1 left on base; Ft. Polk South 0 - Richland 0
TOP OF THE 3RD
Ft. Polk South Thunder Hawks batting - Pitching for Richland Rails : LHP Markus Widner
Batting: RHB Qu-bing Thien 0-0: Ball
1-0: Ball
2-0: Foul Ball, location: 2F
2-1: Fly out, F7 (Flyball, 78XD)
Batting: RHB Pedro Larate 0-0: Swinging Strike
0-1: Foul Ball, location: 2F
0-2: Foul Ball, location: 2F
0-2: Fly out, F8 (Flyball, 8LM)
Batting: SHB Dong-joo Yu 0-0: Called Strike
0-1: Ball
1-1: Foul Ball, location: 2F
1-2: Ground out 5-3 (Groundball, 5)
Top of the 3rd over - 0 runs, 0 hits, 0 errors, 0 left on base; Ft. Polk South 0 - Richland 0
BOTTOM OF THE 3RD
Richland Rails batting - Pitching for Ft. Polk South Thunder Hawks : RHP Ricardo Peito
Batting: RHB Pedro Martínez 0-0: Called Strike
0-1: Ball
1-1: Called Strike
1-2: Ball
2-2: Foul Ball, location: 2F
2-2: Strikes out swinging
Batting: LHB Emosi Whiu 0-0: Ground out U3 (Groundball, 3L)
Batting: RHB Hsui-chuan Hong 0-0: Ball
1-0: Ball
2-0: Fly out, F7 (Line Drive, 7D)
Bottom of the 3rd over - 0 runs, 0 hits, 0 errors, 0 left on base; Ft. Polk South 0 - Richland 0
TOP OF THE 4TH
Ft. Polk South Thunder Hawks batting - Pitching for Richland Rails : LHP Markus Widner
Batting: LHB Augusto Reyes 0-0: Ball
1-0: Ground out 4-3 (Groundball, 34)
Batting: LHB Yu Miao 0-0: Foul Ball, location: 2F
0-1: Foul Ball, location: 2F
0-2: Ground out U3 (Groundball, 34)
Batting: RHB Melvin Aikey 0-0: Called Strike
0-1: Ball
1-1: Ball
2-1: Foul Ball, location: 2F
2-2: Ground out 3-1 (Groundball, 34S)
Top of the 4th over - 0 runs, 0 hits, 0 errors, 0 left on base; Ft. Polk South 0 - Richland 0
BOTTOM OF THE 4TH
Richland Rails batting - Pitching for Ft. Polk South Thunder Hawks : RHP Ricardo Peito
Batting: LHB Júlio Solís 0-0: Called Strike
0-1: Ball
1-1: Foul Ball, location: 2F
1-2: TRIPLE (Flyball, 9LD)
Pinch Runner at 3rd Jon Rabbetts:
Batting: RHB José Vargas 0-0: Ball
1-0: SINGLE (Groundball, 56D)
Jon Rabbetts scores
Batting: LHB Alje de Gast 0-0: Fielders Choice at 2nd, 1-6 (Groundball, 13)
Batting: RHB Tadamichi Yamamoto 0-0: Ball
1-0: Called Strike
1-1: Ball
2-1: Ball
3-1: Called Strike
3-2: Foul Ball, location: 2F
3-2: Foul Ball, location: 2F
3-2: Strikes out swinging
Batting: RHB Frank Simon 0-0: Ball
1-0: Swinging Strike
1-1: Called Strike
1-2: Ground out 4-3 (Groundball, 34D)
Bottom of the 4th over - 1 run, 2 hits, 0 errors, 1 left on base; Ft. Polk South 0 - Richland 1
TOP OF THE 5TH
Ft. Polk South Thunder Hawks batting - Pitching for Richland Rails : LHP Markus Widner
Now in CF: Jon Rabbetts
Batting: RHB Thomas Feliciano 0-0: Ball
1-0: Ball
2-0: Ball
3-0: Base on Balls
Batting: LHB Marc Ben 0-0: Called Strike
0-1: Called Strike
Thomas Feliciano steals 2nd base
0-2: Ball
1-2: Foul Ball, location: 2F
1-2: Strikes out swinging
Batting: RHB Ruggiero Veneziano 0-0: Ball
1-0: Ground out 4-3 (Groundball, 4S)
Thomas Feliciano to third
Batting: RHB Qu-bing Thien 0-0: Ball
1-0: SINGLE (Flyball, 78M)
Thomas Feliciano scores
Batting: RHB Pedro Larate 0-0: Ball
1-0: Fly out, F7 (Flyball, 7)
Top of the 5th over - 1 run, 1 hit, 0 errors, 1 left on base; Ft. Polk South 1 - Richland 1
BOTTOM OF THE 5TH
Richland Rails batting - Pitching for Ft. Polk South Thunder Hawks : RHP Ricardo Peito
Batting: RHB Tak-wai Jia 0-0: Foul Ball, location: 2F
0-1: Ball
1-1: Ball
2-1: Called Strike
2-2: Fly out, F9 (Flyball, 89M)
Batting: RHB Pedro Martínez 0-0: Ball
1-0: Ball
2-0: Called Strike
2-1: Ground out 1-3 (Groundball, 15S)
Batting: LHB Emosi Whiu 0-0: Ball
1-0: Called Strike
1-1: Swinging Strike
1-2: Ball
2-2: Strikes out swinging
Bottom of the 5th over - 0 runs, 0 hits, 0 errors, 0 left on base; Ft. Polk South 1 - Richland 1
TOP OF THE 6TH
Ft. Polk South Thunder Hawks batting - Pitching for Richland Rails : LHP Markus Widner
Batting: SHB Dong-joo Yu 0-0: Ball
1-0: Foul Ball, location: 2F
1-1: Ball
2-1: SINGLE (Line Drive, 56D)
Batting: LHB Augusto Reyes 0-0: Swinging Strike
0-1: Ball
1-1: Sac Bunt - play at first, batter OUT! 5-4
Dong-joo Yu to second
Batting: LHB Yu Miao 0-0: Ball
Dong-joo Yu steals 3rd base
1-0: Called Strike
1-1: Ball
2-1: Swinging Strike
2-2: Foul Ball, location: 2F
2-2: Foul Ball, location: 2F
2-2: Foul Ball, location: 2F
2-2: Strikes out swinging
Pitching: RHP Matko Perisc
Batting: RHB Melvin Aikey 0-0: Ground out 1-3 (Groundball, 15S)
Top of the 6th over - 0 runs, 1 hit, 0 errors, 1 left on base; Ft. Polk South 1 - Richland 1
BOTTOM OF THE 6TH
Richland Rails batting - Pitching for Ft. Polk South Thunder Hawks : RHP Ricardo Peito
Batting: RHB Hsui-chuan Hong 0-0: Ball
1-0: Ground out U3 (Groundball, 3S)
Batting: RHB Jon Rabbetts 0-0: Ball
1-0: Foul Ball, location: 2F
1-1: Ball
2-1: Ball
3-1: Called Strike
3-2: Strikes out swinging
Batting: RHB José Vargas 0-0: Called Strike
0-1: Called Strike
0-2: Ball
1-2: Fly out, F6 (Line Drive, 6M)
Bottom of the 6th over - 0 runs, 0 hits, 0 errors, 0 left on base; Ft. Polk South 1 - Richland 1
TOP OF THE 7TH
Ft. Polk South Thunder Hawks batting - Pitching for Richland Rails : RHP Matko Perisc
Batting: RHB Thomas Feliciano 0-0: Ball
1-0: Ball
2-0: Foul Ball, location: 2F
2-1: Called Strike
2-2: Foul Ball, location: 2F
2-2: Foul Ball, location: 2F
2-2: Fly out, F9 (Line Drive, 89S)
Batting: LHB Marc Ben 0-0: Ball
1-0: Called Strike
1-1: Ball
2-1: Foul Ball, location: 2F
2-2: Foul Ball, location: 2F
2-2: Foul Ball, location: 2F
2-2: Ball
3-2: Ground out 4-3 (Groundball, 4)
Batting: RHB Ruggiero Veneziano 0-0: Called Strike
0-1: Swinging Strike
0-2: Ball
1-2: Strikes out looking
Top of the 7th over - 0 runs, 0 hits, 0 errors, 0 left on base; Ft. Polk South 1 - Richland 1
BOTTOM OF THE 7TH
Richland Rails batting - Pitching for Ft. Polk South Thunder Hawks : RHP Ricardo Peito
Batting: LHB Alje de Gast 0-0: Swinging Strike
0-1: Ball
1-1: Swinging Strike
1-2: Foul Ball, location: 2F
1-2: Ball
2-2: Ground out 4-3 (Groundball, 4)
Batting: RHB Tadamichi Yamamoto 0-0: Called Strike
0-1: Called Strike
0-2: Ball
1-2: Ground out 4-3 (Groundball, 4)
Now at 2B: Reece Cockin
Batting: RHB Frank Simon 0-0: Ground out 4-3 (Groundball, 4M)
Bottom of the 7th over - 0 runs, 0 hits, 0 errors, 0 left on base; Ft. Polk South 1 - Richland 1
TOP OF THE 8TH
Ft. Polk South Thunder Hawks batting - Pitching for Richland Rails : RHP Matko Perisc
Pinch Hitting: LHB Shohei Otani 0-0: Ball
1-0: Called Strike
1-1: Ball
2-1: Ball
3-1: Fly out, F9 (Flyball, 9LSF)
Pitching: RHP Jim Perry
Batting: RHB Pedro Larate 0-0: Ball
1-0: SINGLE (Flyball, 8RS)
Pinch Hitting: RHB Luke Thornton 0-0: Called Strike
0-1: Ball
1-1: Ball
2-1: Grounds into double play, 1-6-3 (Groundball, 13S)
Top of the 8th over - 0 runs, 1 hit, 0 errors, 0 left on base; Ft. Polk South 1 - Richland 1
BOTTOM OF THE 8TH
Richland Rails batting - Pitching for Ft. Polk South Thunder Hawks : RHP Ricardo Peito
Pitching: RHP Gunnar Hoglund
Now at 2B: Theo Wrighton
Now at SS: Juan Mata
Batting: RHB Tak-wai Jia 0-0: Foul Ball, location: 2F
0-1: Ball
1-1: Called Strike
1-2: Ball
2-2: Strikes out looking
Batting: RHB Pedro Martínez 0-0: Foul Ball, location: 2F
0-1: Foul Ball, location: 2F
0-2: Ball
1-2: Strikes out swinging
Batting: LHB Emosi Whiu 0-0: Ball
1-0: Foul Ball, location: 2F
1-1: Foul Ball, location: 2F
1-2: Foul Ball, location: 2F
1-2: Foul Ball, location: 2F
1-2: Strikes out swinging
Bottom of the 8th over - 0 runs, 0 hits, 0 errors, 0 left on base; Ft. Polk South 1 - Richland 1
TOP OF THE 9TH
Ft. Polk South Thunder Hawks batting - Pitching for Richland Rails : RHP Jim Perry
Pitching: RHP Cliff Claven
Batting: LHB Augusto Reyes 0-0: DOUBLE (Line Drive, 8RD)
Batting: LHB Yu Miao 0-0: Intentional Walk
Batting: RHB Melvin Aikey 0-0: Ball
1-0: Foul Ball, location: 2F
1-1: Called Strike
1-2: Strikes out swinging
Batting: RHB Thomas Feliciano 0-0: Ball
1-0: Foul Ball, location: 2F
1-1: Ball
2-1: Foul Ball, location: 2F
2-2: Foul Ball, location: 2F
2-2: Foul Ball, location: 2F
2-2: Foul Ball, location: 2F
2-2: Fly out, F3 (Popup, 34S)
Batting: LHB Marc Ben 0-0: Ball
1-0: Ball
2-0: Ball
3-0: Called Strike
3-1: Ground out 4-3 (Groundball, 4)
Top of the 9th over - 0 runs, 1 hit, 0 errors, 2 left on base; Ft. Polk South 1 - Richland 1
BOTTOM OF THE 9TH
Richland Rails batting - Pitching for Ft. Polk South Thunder Hawks : RHP Gunnar Hoglund
Batting: RHB Hsui-chuan Hong 0-0: Called Strike
0-1: Foul Ball, location: 2F
0-2: Foul Ball, location: 2F
0-2: Ball
1-2: Ground out 6-3 (Groundball, 6)
Pinch Hitting: LHB Mike Zaugg 0-0: Ball
1-0: Ball
2-0: Foul Ball, location: 2F
2-1: Fly out, F7 (Line Drive, 78S)
Batting: RHB José Vargas 0-0: Called Strike
0-1: Ball
1-1: Ball
2-1: Ground out 5-3 (Groundball, 56S)
Bottom of the 9th over - 0 runs, 0 hits, 0 errors, 0 left on base; Ft. Polk South 1 - Richland 1
TOP OF THE 10TH
Ft. Polk South Thunder Hawks batting - Pitching for Richland Rails : RHP Cliff Claven
Now in CF: Phillip Burgess
Batting: RHB Ruggiero Veneziano 0-0: Ball
1-0: Ball
2-0: Ball
3-0: Base on Balls
Batting: RHB Theo Wrighton 0-0: Bunted foul
0-1: Bunted foul
0-2: Ball
1-2: SINGLE (Line Drive, 6M)
Ruggiero Veneziano to second
Ruggiero Veneziano to third
Batting: RHB Pedro Larate 0-0: Ball
1-0: Ball
Theo Wrighton steals 2nd base
2-0: Fly out, F7 (Flyball, 78M)
Runner from 3rd tags up, SCORES, no throw
Batting: RHB Juan Mata 0-0: Ball
1-0: Ball
2-0: Called Strike
2-1: SINGLE (Line Drive, 7LM)
Theo Wrighton to third
Runner from 3rd tries for Home, SAFE, no throw
Batting: LHB Augusto Reyes 0-0: Ball
Balk!
Juan Mata to second
1-0: Ground out 4-3 (Groundball, 4)
Juan Mata to third
Batting: LHB Yu Miao 0-0: Ball
1-0: Called Strike
1-1: Ball
2-1: Swinging Strike
2-2: Ball
3-2: Base on Balls
Batting: RHB Melvin Aikey 0-0: Foul Ball, location: 2F
0-1: Foul Ball, location: 2F
0-2: Ball
1-2: Strikes out looking
Top of the 10th over - 2 runs, 2 hits, 0 errors, 2 left on base; Ft. Polk South 3 - Richland 1
BOTTOM OF THE 10TH
Richland Rails batting - Pitching for Ft. Polk South Thunder Hawks : RHP Gunnar Hoglund
Batting: LHB Alje de Gast 0-0: Called Strike
0-1: Swinging Strike
0-2: Ground out 4-3 (Groundball, 4)
Batting: RHB Tadamichi Yamamoto 0-0: Called Strike
0-1: Ball
1-1: Fly out, F8 (Flyball, 8RM)
Batting: RHB Frank Simon 0-0: Called Strike
0-1: Swinging Strike
0-2: Strikes out looking
Bottom of the 10th over - 0 runs, 0 hits, 0 errors, 0 left on base; Ft. Polk South 3 - Richland 1
Friday, March 29th, 2019 - OOTP Baseball 18.8 Build 76